 Dungeon Crawl Stone Soup version 0.22.1-2-g9c5b331 (webtiles) character file.

67 Fang the Skirmisher (level 4, -2/43 HPs)
             Began as a Gargoyle Berserker on Dec 12, 2018.
             Was a Believer of Trog.
             Slain by Sigmund
             ... wielding a +0 scythe
              (9 damage)
             ... on level 3 of the Dungeon.
             The game lasted 00:04:07 (1772 turns).

Fang the Skirmisher (Gargoyle Berserker)            Turns: 1772, Time: 00:04:08

Health: -2/43      AC:  5    Str: 27    XL:     4   Next: 18%
Magic:  4/4        EV: 12    Int:  7    God:    Trog [**....]
Gold:   68         SH:  0    Dex:  9    Spells: 3/3 levels left

rFire    . . .     SeeInvis .   a - +0 hand axe
rCold    . . .     Gourm    .   (no shield)
rNeg     + . .     Faith    .   b - +0 animal skin
rPois    ∞         Spirit   .   (no helmet)
rElec    +         Reflect  .   (no cloak)
rCorr    .         Harm     .   (no gloves)
MR       .....                  (no boots)
Stlth    ..........             (no amulet)
HPRegen  0.14/turn              (no ring)
MPRegen  0.09/turn              (no ring)

@: confused, berserking (expiring), very quick
A: negative energy resistance 1, electricity resistance, unbreathing,
petrification resistance, rot immunity, AC +3
a: Berserk, Trog's Hand, Renounce Religion


You were on level 3 of the Dungeon.
You worshipped Trog.
Trog was pleased with you.
You were hungry.

You visited 1 branch of the dungeon, and saw 3 of its levels.

You collected 68 gold pieces.

Inventory:

Hand Weapons
 a - a +0 hand axe (weapon)
Armour
 b - a +0 animal skin (worn)
Scrolls
 d - a scroll of enchant armour {unknown}
 g - a scroll of enchant weapon {unknown}
 h - 4 scrolls of identify {unknown}
 i - a scroll of random uselessness {unknown}
 n - a scroll of magic mapping {unknown}
Potions
 e - a potion of curing {unknown}
 f - a potion of agility {unknown}
 j - a potion of heal wounds {unknown}
 l - a potion of mutation {unknown}
 m - 2 potions of brilliance {unknown}
Comestibles
 c - 8 rations


   Skills:
 + Level 3.9 Fighting
 + Level 3.8 Axes
 + Level 2.2 Armour
 + Level 1.9 Dodging


You had 3 spell levels left.
You didn't know any spells.
Your spell library was empty.

Dungeon Overview and Level Annotations

Branches:
Dungeon (3/15)

Altars:
Fedhas
Makhleb

Annotations:
D:3 Sigmund


Innate Abilities, Weirdness & Mutations

You are resistant to torment.
Your stone body is resilient. (AC +3)
You are immune to poison.
You resist negative energy. (rN+)
You are resistant to electric shocks. (rElec)
You can survive without breathing.
You are immune to petrification.
You are immune to rotting.


Message History

You're too confused to attack without stumbling around!
You're too confused to attack without stumbling around!
You're too confused to attack without stumbling around!
You're too confused to attack without stumbling around!
You're too confused to attack without stumbling around!
You're too confused to attack without stumbling around!
You're too confused to attack without stumbling around!
You're too confused to attack without stumbling around!
You're too confused to attack without stumbling around!
You're too confused to attack without stumbling around!
You bump into the rock wall.
Something hits you.
You completely miss something. You completely miss something.
Something hits you!
You bump into the rock wall.
You closely miss something. Something hits you.
* * * LOW HITPOINT WARNING * * *
You bump into the rock wall.
You feel a strong urge to attack something.
Something hits you!
You die...

#. #.. #..
#########.# ####
#... ..#.#
..#####.#####.#.#
#{#........##.#..
####.#.###.##......#
#..@...# #.#####.#..
..........##
#.#####.#)#
#.#.#.##..#
#..[....#.. ......
...# ##########. #
#.# ....# ........
.... ...... ...####.
... #.#.....
...####. ##
......?.. ........
#.#.#..#


There were no monsters in sight!

Vanquished Creatures
  3 worms
  2 dart slugs
  2 leopard geckos (D:1)
  4 giant cockroaches
  9 goblins
  7 hobgoblins
  4 jackals
  9 bats
  2 frilled lizards (D:2)
  5 kobolds
  2 rats (D:2)
49 creatures vanquished.

Notes
Turn   | Place    | Note
-------+----------+-------------------------------------------
     0 | D:1      | Fang the Gargoyle Berserker began the quest for the Orb.
     0 | D:1      | Reached XP level 1. HP: 14/14 MP: 1/1
    58 | D:1      | Reached XP level 2. HP: 16/19 MP: 2/2
   512 | D:1      | Reached XP level 3. HP: 24/24 MP: 3/3
   520 | D:1      | Reached ** piety under Trog
  1064 | D:2      | Found a blossoming altar of Fedhas.
  1640 | D:3      | Found a burning altar of Makhleb.
  1650 | D:3      | Reached XP level 4. HP: 28/29 MP: 4/4
  1760 | D:3      | Noticed Sigmund
  1772 | D:3      | Slain by Sigmund

Skill      XL: |  1  2 |
---------------+-------+-----
Axes           | 3 |  3.8
Fighting       | |  3.9
Armour         | |  2.2
Dodging        | |  1.9

Action                   |  1- 3 |  4- 6 || total
-------------------------+-------+-------++-------
Melee: Hand axe          |   156 |    21 ||   177
Invok: Berserk           |     1 |     1 ||     2
  Eat: Chunk             |     2 |     2 ||     4
Armor: Animal skin       |    53 |     6 ||    59
Dodge: Dodged            |   125 |     8 ||   133
